Unix NetHack Version 3.7.0-66 Work-in-progress - last build Dec 5 2022 03:26:57 (dbea811729ade750c4c0c7f8ab6145c62533a6e7,branch:master). Game began 2022-12-08 00:50:02, ended 2022-12-08 01:12:07. Kontroller, lawful male human Knight -------- |......| ------- |......| |.....| |......| |@%...| |....... ..^...| |.<....| -.----- -.------# ### ################# # Kontroller the Esquire St:16 Dx:10 Co:11 In:8 Wi:15 Ch:18 Lawful S:1131 Dlvl:7 $:219 HP:0(35) Pw:33(33) AC:-1 Xp:4/153 T:2622 Burdened Latest messages: You have a little trouble removing z - a steel wand. The black naga hatchling bites! You hit the black naga hatchling. The black naga hatchling misses! You hit the black naga hatchling. The black naga hatchling misses! You hit the black naga hatchling. The black naga hatchling bites! The black naga hatchling bites! You hit the black naga hatchling. The black naga hatchling bites! You miss the black naga hatchling. The golden naga hatchling misses! The black naga hatchling misses! You miss the black naga hatchling. The golden naga hatchling bites! The black naga hatchling misses! The golden naga hatchling bites! The black naga hatchling bites! You miss the black naga hatchling. The golden naga hatchling bites! The black naga hatchling misses! You miss the black naga hatchling. The black naga hatchling bites! You hit the black naga hatchling. The golden naga hatchling misses! The black naga hatchling bites! The golden naga hatchling bites! The black naga hatchling misses! You miss the black naga hatchling. You hit the black naga hatchling. The golden naga hatchling misses! The black naga hatchling misses! a - a +1 long sword (weapon in hand). b - a +1 lance (alternate weapon; not wielded). The golden naga hatchling misses! The black naga hatchling bites! The golden naga hatchling bites! The black naga hatchling bites! You kill the black naga hatchling! The golden naga hatchling bites! You miss the golden naga hatchling. The golden naga hatchling misses! You kill the golden naga hatchling! You see here a black naga hatchling corpse. There is a black naga hatchling corpse here; eat it? [ynq] (n) y You have a very bad case of stomach acid. You die... Do you want your possessions identified? [ynq] (y) y Do you want to see your attributes? [ynq] (y) q Inventory: Coins $ - 219 gold pieces Weapons i - 9 +0 darts j - a cursed +0 dart a - a +1 long sword (weapon in hand) b - a +1 lance (alternate weapon; not wielded) Armor d - an uncursed +0 helmet (being worn) f - an uncursed burnt +0 pair of leather gloves (being worn) C - an uncursed +0 pair of water walking boots (being worn) e - an uncursed +0 small shield (being worn) n - an uncursed +0 leather cloak (being worn) B - an uncursed +0 Hawaiian shirt with a parrot motif (being worn) A - a blessed +1 banded mail (being worn) Comestibles h - 8 uncursed carrots Scrolls K - an uncursed scroll of blank paper W - an uncursed scroll of charging s - an uncursed scroll of enchant weapon S - an uncursed scroll of fire I - 2 uncursed scrolls of identify E - 2 uncursed scrolls of remove curse Spellbooks L - an uncursed spellbook of remove curse Potions N - an uncursed potion of booze o - a blessed potion of gain energy O - an uncursed potion of gain level M - a blessed potion of hallucination p - an uncursed potion of levitation c - an uncursed potion of monster detection J - an uncursed potion of restore ability P - a cursed potion of see invisible x - a cursed potion of speed w - an uncursed potion of water Rings Q - an uncursed ring of invisibility Wands y - a wand of create monster (0:12) H - a wand of slow monster (0:7) z - a wand of undead turning (0:6) Tools l - a cursed lock pick T - an uncursed skeleton key Gems/Stones t - an uncursed turquoise stone Z - an uncursed worthless piece of yellow glass Kontroller the Knight's attributes: Background: You were an Esquire, a level 4 male human Knight. You were lawful, nominally on a mission for Lugh who was opposed by Brigit (neutral) and Manannan Mac Lir (chaotic). You were in the Dungeons of Doom, on level 7. You entered the dungeon 2622 turns ago. It was nighttime. There was a full moon in effect when your adventure ended. You had 153 experience points, 7 more were needed to attain level 5. Your score was 1131 before end-of-game adjustments. Basics: You had 0 out of 35 hit points. You had all 33 energy points (spell power). Your armor class was -1. Your wallet contained 219 zorkmids. Autopickup was off. Final Characteristics: Your strength was 16 (limit:18/100). Your dexterity was 10 (limit:18). Your constitution was 11 (limit:18). Your intelligence was 8 (limit:18). Your wisdom was 15 (limit:18). Your charisma was 18 (limit:18). Final Status: You were not hungry. You were burdened; movement was slightly slowed. You were wielding a long sword. You had basic skill with long sword. Final Attributes: You were piously aligned. You could jump. You could walk on water. You were warded. You were lucky. You are dead. Miscellaneous: You never encountered a bones level. Total elapsed playing time was 22 minutes and 4 seconds. Major events: Turn 1: Kontroller the lawful male human Knight entered the dungeon 1219: attained the rank of Esquire (level 3) 1676: entered the Gnomish Mines 2622: killed by an acidic corpse Vanquished creatures: a pony a black naga hatchling a golden naga hatchling a homunculus 4 rothes 2 giant bats a dwarf zombie a hobgoblin a red mold a gnome 2 garter snakes 4 geckos 5 jackals 3 foxes a goblin 2 sewer rats 4 grid bugs 4 lichens a kobold zombie 5 newts 45 creatures vanquished. No species were genocided or became extinct. Voluntary challenges: You were an atheist. You read items or engraved 4 times. You never engraved Elbereth. You never genocided any monsters. You never polymorphed an object. You never changed form. You used no wishes. Achievements: You entered a shop. You attained the rank of Esquire. You entered the Gnomish Mines. The Dungeons of Doom: levels 1 to 7 Level 1: Level 2: An armor shop. Level 3: A general store. Level 4: Some fountains. Stairs down to The Gnomish Mines. Level 5: A fountain. Level 6: "saddle" Some fountains, a sink. Level 7: <- You were here. Final resting place for you, killed by an acidic corpse. The Gnomish Mines: Level 5: Game over: ---------- / \ / REST \ / IN \ / PEACE \ / \ | Kontroller | | 219 Au | | killed by an | | acidic corpse | | | | | | 2022 | *| * * * | * _________)/\\_//(\/(/\)/\//\/|_)_______ Fare thee well Kontroller the Knight... You died in The Dungeons of Doom on dungeon level 7 with 1110 points, and 219 pieces of gold, after 2622 moves. You were level 4 with a maximum of 35 hit points when you died.